 Dungeon Sprint DCSS version 0.22.1-1-ga44c0e56f4 (webtiles) character file.

1066 MuseOD the Covert (level 8, -14/44 (45) HPs)
             Began as a Spriggan Enchanter on Sept 22, 2018.
             Was an Initiate of Dithmenos.
             Killed by triggering a bolt trap (30 damage)
             ... in the Dungeon (Sprint II: "The Violet Keep of Menkaure").
             The game lasted 00:00:54 (141 turns).

MuseOD the Covert (Spriggan Enchanter)               Turns: 141, Time: 00:00:54

HP:   -14/44 (45)   AC:  1    Str:  4    XL:     8   Next: 7%
MP:   17/18         EV: 18    Int: 19    God:    Dithmenos [......]
Gold: 486           SH:  0    Dex: 16    Spells: 7/19 levels left

rFire    . . .     SeeInvis +   a - +1 dagger
rCold    . . .     Gourm    .   (shield restricted)
rNeg     . . .     Faith    .   b - +0 robe
rPois    .         Spirit   .   (helmet restricted)
rElec    .         Reflect  .   (no cloak)
rCorr    .         Harm     .   (gloves unavailable)
MR       +....     NoTele   +   (boots unavailable)
Stlth    +++++.....             (no amulet)
HPRegen  0.14/turn              (no ring)
MPRegen  0.16/turn              (no ring)

@: very quick
A: very small, unfitting armour, see invisible, deformed body, herbivore, speed
3, slow metabolism 2, subdued magic 1
a: Renounce Religion


You were in the Dungeon.
You worshipped Dithmenos.
Dithmenos was noncommittal.
You were not hungry.

You visited 1 branch You collected 486 gold pieces.

Inventory:

Hand Weapons
 a - a +1 dagger (weapon)
Armour
 b - a +0 robe (worn)
Scrolls
 j - a scroll of blinking
Potions
 e - a potion of curing
 f - a potion of heal wounds
 g - a potion of haste
 h - 2 potions of magic
Comestibles
 d - a ration


   Skills:
 + Level 6.8 Fighting
 * Level 12.4 Short Blades
 - Level 3.0 Dodging
 + Level 13.0 Stealth
 + Level 6.2 Spellcasting
 + Level 6.6 Hexes


You had 7 spell levels left.
You knew the following spells:

 Your Spells              Type           Power        Failure   Level  Hunger
a - Corona                Hex            ###....      1%          1    None
b - Ensorcelled Hibernat  Hex/Ice        ##....       3%          2    None
c - Confuse               Hex            ###.....     1%          3    ##.....
d - Dazzling Spray        Conj/Hex       ##....       7%          3    ##.....
e - Tukima's Dance        Hex            ###.....     1%          3    ##.....

Your spell library contained the following spells:

 Spells                   Type           Power        Failure   Level  Hunger


Dungeon Overview and Level Annotations

Branches:
Dungeon (1/1)

Altars:
Cheibriados
Dithmenos
Elyvilon
Fedhas
Gozag
Hepliaklqana
Kikubaaqudgha
Makhleb
Nemelex Xobeh
Okawaru
Qazlal
Ru
Sif Muna
Trog
Uskayaw
Vehumet
Wu Jian
Xom
Yredelemnul
Zin
The Shining One
Beogh
Jiyva
Lugonu


Innate Abilities, Weirdness & Mutations

You are very small and have problems with some larger weapons.
You are too small for most types of armour.
You have supernaturally acute eyesight. (SInv)
You are a herbivore.
You cover ground extremely quickly.
You need to consume almost no food.
Armour fits poorly on your strangely shaped body.
Your spells are a little easier to cast, but a little less powerful.


Message History

The shining eye gazes at you.
Strange energies course through your body.
Your connection to magic feels subdued.
You close the door.
You found a net trap!
As you open the door, it creaks loudly! 2 manticores come into view.
The manticore flicks its tail.
The volley of spikes hits you!
The barbed spikes become lodged in your body.
Ouch! That really hurt!
The manticore moves out of view.
You close the door.
You start resting.
You carefully extract the barbed spikes from your body.
A deep elf master archer comes into view.
You found an arrow trap!
A bolt shoots out and hits you!
Ouch! That really hurt!
You die...

##++## ##≈...### e≈.....# #^...#
.. +@...# ## ##.. ####.# ##.
.##.####.H+.### .w w. ...# #.^.#
$#. ###..#####..# !!% #
#+###.##..#$.+..# ▓$%?$)
#.a###.##.#.#..#GG#..# ▓$?%(??
#$+.<.'###+..####..####▓($((?!
#.a###.##.#.#....###^..##▓▓▓▓▓▓▓


There were no monsters in sight!

Vanquished Creatures
  A shining eye (D)
  2 hippogriffs (D)
  4 necrophages (D)
7 creatures vanquished.

Notes
Turn   | Place    | Note
-------+----------+-------------------------------------------
     0 | D        | MuseOD the Spriggan Enchanter began the quest for the Orb.
     0 | D        | Reached XP level 1. HP: 9/9 MP: 5/5
     1 | D        | Noticed a hippogriff
     1 | D        | Noticed a hippogriff
     4 | D        | Noticed a tyrant leech
     4 | D        | Noticed a tyrant leech
     7 | D        | Noticed a worker ant
     7 | D        | Noticed a worker ant
    10 | D        | Noticed a necrophage
    10 | D        | Noticed a necrophage
    10 | D        | Noticed a necrophage
    10 | D        | Noticed a necrophage
    19 | D        | Killed a necrophage
    19 | D        | Reached skill level 7 in Stealth
    19 | D        | Reached XP level 2. HP: 16/16 MP: 6/6
    19 | D        | Reached XP level 3. HP: 20/20 MP: 8/8
    19 | D        | Reached XP level 4. HP: 24/24 MP: 9/9
    24 | D        | Killed a necrophage
    24 | D        | Reached skill level 9 in Stealth
    24 | D        | Reached XP level 5. HP: 29/29 MP: 10/10
    34 | D        | Killed a necrophage
    34 | D        | Reached skill level 10 in Stealth
    39 | D        | Killed a necrophage
    39 | D        | Reached skill level 5 in Fighting
    39 | D        | Reached skill level 10 in Short Blades
    39 | D        | Reached skill level 11 in Stealth
    39 | D        | Reached XP level 6. HP: 34/34 MP: 11/11
    43 | D        | Learned a level 2 spell: Ensorcelled Hibernation
    47 | D        | Learned a level 3 spell: Confuse
    51 | D        | Learned a level 3 spell: Dazzling Spray
    82 | D        | Killed a hippogriff
    85 | D        | Killed a hippogriff
    85 | D        | Reached skill level 12 in Stealth
    85 | D        | Reached skill level 5 in Spellcasting
    85 | D        | Reached skill level 5 in Hexes
    85 | D        | Reached XP level 7. HP: 39/39 MP: 11/15
    97 | D        | Learned a level 3 spell: Tukima's Dance
    97 | D        | Found a glowing silver altar of Zin.
    98 | D        | Found a glowing golden altar of the Shining One.
    98 | D        | Found a basalt altar of Yredelemnul.
    98 | D        | Found a hide-covered altar of Uskayaw.
    99 | D        | Found a shimmering altar of Xom.
    99 | D        | Found a bloodstained altar of Trog.
   100 | D        | Found an ornate altar of the Wu Jian Council.
   100 | D        | Found a deep blue altar of Sif Muna.
   100 | D        | Found a corrupted altar of Lugonu.
   100 | D        | Found a radiant altar of Vehumet.
   100 | D        | Found a burning altar of Makhleb.
   101 | D        | Found a sacrificial altar of Ru.
   101 | D        | Found an ancient bone altar of Kikubaaqudgha.
   101 | D        | Found a white marble altar of Elyvilon.
   102 | D        | Found a stormy altar of Qazlal.
   102 | D        | Found a viscous altar of Jiyva.
   102 | D        | Found a shadowy altar of Dithmenos.
   103 | D        | Found a hazy altar of Hepliaklqana.
   103 | D        | Found a snail-covered altar of Cheibriados.
   104 | D        | Found a roughly hewn altar of Beogh.
   106 | D        | Found a sparkling altar of Nemelex Xobeh.
   106 | D        | Found a blossoming altar of Fedhas.
   107 | D        | Found an iron altar of Okawaru.
   107 | D        | Found an opulent altar of Gozag.
   113 | D        | Became a worshipper of Dithmenos the Shadowed
   123 | D        | Noticed a shining eye
   124 | D        | Noticed a shining eye
   124 | D        | Noticed a shining eye
   124 | D        | Gained mutation: Armour fits poorly on your strangely
                  | shaped body. [a shining eye]
   125 | D        | Killed a shining eye
   125 | D        | Reached skill level 13 in Stealth
   125 | D        | Reached XP level 8. HP: 37/44 MP: 15/18
   126 | D        | Gained mutation: Your spells are a little easier to cast,
                  | but a little less powerful. [a shining eye]
   130 | D        | Noticed a manticore
   130 | D        | Noticed a manticore
   139 | D        | Noticed a deep elf master archer
   141 | D        | Killed by triggering a bolt trap

Skill      XL: |  1  2  3  4  5  6  7 |
---------------+----------------------+-----
Fighting       | 3 4 5 6 |  6.8
Short Blades   | 6 8 10 11 12 | 12.4
Stealth        | 7 9 11 12 13 | 13.0
Spellcasting   | 5 6 |  6.2
Hexes          | 5 6 |  6.6
Dodging        | |  3.0

Action                   |  1- 3 |  4- 6 |  7- 9 || total
-------------------------+-------+-------+-------++-------
Melee: Dagger            |     7 |    21 |     1 ||    29
  Use: Potion            |     1 |       |       ||     1
 Stab: Sleeping          |       |     2 |     1 ||     3
Dodge: Dodged            |     5 |     4 |       ||     9
